 Dungeon Crawl Stone Soup version 0.24-a0-584-g9d6b971 (webtiles) character file.

Game seed: 5061979539880723592, levelgen mode: deterministic

95 BlackLakeCat the Bolt Thrower (level 4, -2/38 HPs)
             Began as a Minotaur Hunter on Aug 29, 2019.
             Slain by an adder (4 damage)
             ... on level 3 of the Dungeon on Aug 30, 2019.
             The game lasted 00:26:31 (2356 turns).

BlackLakeCat the Bolt Thrower (Minotaur Hunter)     Turns: 2356, Time: 00:26:38

Health: -2/38      AC:  6    Str: 16    XL:     4   Next: 40%
Magic:  3/3        EV: 10    Int:  9    God:
Gold:   121        SH:  0    Dex: 11    Spells: 3/3 levels left

rFire    . . .     SeeInvis .   a - +1 hand crossbow
rCold    . . .     Gourm    .   (no shield)
rNeg     . . .     Faith    .   B - +0 scale mail
rPois    .         Spirit   .   (helmet restricted)
rElec    .         Reflect  .   v - scarf {repulsion}
rCorr    .         Harm     .   (no gloves)
MR       .....                  (no boots)
Stlth    ..........             (no amulet)
HPRegen  0.12/turn              (no ring)
MPRegen  0.08/turn              (no ring)

@: lethally poisoned (-2 -> -21), about to teleport, repel missiles
A: retaliatory headbutt, horns 2
a: no special abilities


You were on level 3 of the Dungeon.
You were not hungry.

You visited 1 branch of the dungeon, and saw 3 of its levels.

You collected 121 gold pieces.

Inventory:

Hand Weapons
 a - a +1 hand crossbow (weapon)
 b - a +0 short sword
 g - a +0 hand axe
 i - a +0 dagger
 j - a +0 spear
 k - a +0 whip
 n - a +0 short sword
 q - a +0 dagger
 r - a +0 club
 u - a +0 dagger
Missiles
 m - 43 stones (quivered)
 o - 8 javelins
 t - 27 arrows
 z - 4 boomerangs
Armour
 c - a +0 leather armour
 e - a +0 ring mail
 h - a +0 ring mail
 v - a scarf of repulsion (worn)
 B - a +0 scale mail (worn)
Scrolls
 l - 2 scrolls of identify
 w - a scroll of remove curse {unknown}
 y - 2 scrolls of teleportation
 A - a scroll of enchant weapon {unknown}
Potions
 p - 4 potions of invisibility {unknown}
 s - 3 potions of curing {unknown}
 x - a potion of haste {unknown}
Comestibles
 f - a ration
 C - 3 chunks of flesh


   Skills:
 + Level 3.1 Fighting
 + Level 6.0 Crossbows
 + Level 1.2 Armour
 + Level 2.2 Dodging
 + Level 0.7 Stealth


You had 3 spell levels left.
You didn't know any spells.
Your spell library was empty.

Dungeon Overview and Level Annotations

Branches:
Dungeon (3/15)

Altars:
Xom
Jiyva


Innate Abilities, Weirdness & Mutations

You reflexively headbutt those who attack you in melee.
You have a pair of horns on your head.


Message History

y - 3 scrolls of teleportation You feel very sick.
The kobold hits you with a +0 club.
* * * LOW HITPOINT WARNING * * *
The orc hits you with a +0 mace.
* * * LOW HITPOINT WARNING * * *
The adder completely misses you.
As you read the scroll of teleportation, it crumbles to dust.
You feel strangely unstable.
* * * LOW HITPOINT WARNING * * *
You feel sick. The kobold closely misses you. The adder bites you.
* * * LOW HITPOINT WARNING * * *
The orc closely misses you.
You barely miss the orc.
* * * LOW HITPOINT WARNING * * *
You feel very sick. The adder bites you but does no damage.
The kobold hits you with a +0 club.
* * * LOW HITPOINT WARNING * * *
The orc hits you but does no damage. The adder bites you.
You die...

#### ##..(##
##.....##
#...(.@S#
#....)Ko).#
#.......###
..........
#..........
..........$.
.............
.##...........


You could see an adder, an orc and a kobold.

Vanquished Creatures
  2 adders (D:2)
  2 worms (D:2)
  3 dart slugs
  A leopard gecko (D:1)
  4 orcs (D:3)
  7 bats
  2 giant cockroaches
  6 hobgoblins
  10 kobolds
  2 quokkas (D:2)
  2 ball pythons
  7 frilled lizards
  7 goblins
  6 rats
61 creatures vanquished.

Notes
Turn   | Place    | Note
-------+----------+-------------------------------------------
     0 | D:1      | BlackLakeCat the Minotaur Hunter began the quest for the
                  | Orb.
     0 | D:1      | Reached XP level 1. HP: 18/18 MP: 0/0
   213 | D:1      | Reached XP level 2. HP: 25/25 MP: 1/1
   240 | D:1      | Reached skill level 5 in Crossbows
   423 | D:1      | Found a shimmering altar of Xom.
   631 | D:1      | Reached XP level 3. HP: 30/30 MP: 2/2
  1180 | D:1      | Found a viscous altar of Jiyva.
  1857 | D:2      | Reached XP level 4. HP: 38/38 MP: 3/3
  1892 | D:2      | Reached skill level 1 in Armour
  2349 | D:3      | Reached skill level 6 in Crossbows
  2356 | D:3      | Slain by an adder

Levels and vault maps discovered:
D:1:      erik_arrival_cave_to_civilisation [erik_arrival_cave_to_temple],
          layout_basic, xom_teletrap_fun
D:2:      layout_loops_corners
D:3:      layout_rooms, serial_bayou, serial_bayou_pond_a, serial_bayou_pond_d,
          serial_bayou_lagoon_a, serial_bayou_pond_d

Skill      XL: |  1  2  3  4 |
---------------+-------------+-----
Crossbows      | 5 6 |  6.0
Fighting       | 3 |  3.1
Armour         | 1 |  1.2
Dodging        | |  2.2
Stealth        | |  0.7

Action                   |  1- 3 |  4- 6 || total
-------------------------+-------+-------++-------
Melee: Hand crossbow     |     1 |     1 ||     2
 Fire: Hand crossbow     |    91 |    37 ||   128
Throw: Stone             |       |     7 ||     7
  Use: Scroll            |       |     2 ||     2
  Eat: Ration            |     1 |       ||     1
       Chunk             |     1 |       ||     1
Armor: Ring mail         |    14 |     3 ||    17
       Scale mail        |       |     6 ||     6
Dodge: Dodged            |    20 |    18 ||    38
       Deflected         |       |     1 ||     1

Table legend:
 A = Non-vault XP
 B = Vault XP
 C = Vault XP percentage of total XP
 D = Non-vault monster count
 E = Vault monster count
 F = Vault count percentage of total count
                 A         B        C        D         E       F
            +---------+---------+-------+---------+---------+-------
      Total |     132 |       5 |   3.6 |      59 |       2 |   3.3
            +---------+---------+-------+---------+---------+-------
        D:1 |      46 |       5 |   9.8 |      27 |       2 |   6.9
        D:2 |      72 |       0 |   0.0 |      27 |       0 |   0.0
        D:3 |      14 |       0 |   0.0 |       5 |       0 |   0.0
            +---------+---------+-------+---------+---------+-------
